TOP OF THE 1ST |
Mile High Broncos batting - Pitching for Houston Hammertime : RHP Kevin Bader
|
Pitching: RHP Kevin Bader
|
|
Batting: LHB Ernesto López
|
0-0: Ball 1-0: Called Strike 1-1: Called Strike 1-2: Strikes out swinging
|
Batting: SHB Tom Stevens
|
0-0: Ball 1-0: Fly out, F8 (Line Drive, 8LM)
|
Batting: LHB Mark Everett
|
0-0: Ball 1-0: Called Strike 1-1: Reached on error, E5 (Groundball, 5)
|
Batting: RHB Jeff Packard
|
0-0: Ball 1-0: Ball 2-0: Fly out, F7 (Flyball, 7S)
|
Top of the 1st over - 0 run(s), 0 hit(s), 1 error(s), 1 left on base; Mile High 0 - Houston 0 |
BOTTOM OF THE 1ST |
Houston Hammertime batting - Pitching for Mile High Broncos : RHP Tony Marrero
|
Pitching: RHP Tony Marrero
|
|
Batting: SHB Carlos Córdova
|
0-0: Ball 1-0: Called Strike 1-1: Foul Ball, location: 2F 1-2: Foul Ball, location: 2F 1-2: Ball 2-2: Ball 3-2: Foul Ball, location: 2F 3-2: Ground out 5-3 (Groundball, 56S)
|
Batting: RHB Alonso Holguín
|
0-0: Ball 1-0: Called Strike 1-1: SOLO HOME RUN (Flyball, 7LD), Distance : 347 ft
|
Batting: LHB Tom Baker
|
0-0: Ball 1-0: Called Strike 1-1: Swinging Strike 1-2: Fly out, F7 (Flyball, 78M)
|
Batting: LHB Leonardo Medina
|
0-0: Ball 1-0: Foul Ball, location: 2F 1-1: Ball 2-1: Ball 3-1: Foul Ball, location: 2F 3-2: Base on Balls
|
Batting: RHB Dan Mason
|
0-0: Called Strike 0-1: Ball 1-1: Foul Ball, location: 2F 1-2: Ball 2-2: Ball Leonardo Medina steals 2nd base 3-2: Strikes out swinging
|
Bottom of the 1st over - 1 run(s), 1 hit(s), 0 error(s), 1 left on base; Mile High 0 - Houston 1 |
TOP OF THE 2ND |
Mile High Broncos batting - Pitching for Houston Hammertime : RHP Kevin Bader
|
Batting: RHB David Moran
|
0-0: Called Strike 0-1: Ball 1-1: Called Strike 1-2: Ball 2-2: Fly out, F9 (Flyball, 9LSF)
|
Batting: RHB Rodney González
|
0-0: Called Strike 0-1: Swinging Strike 0-2: Ball 1-2: Strikes out swinging passed ball, reaches first!
|
Batting: LHB Milton Watson
|
0-0: Ball 1-0: Ball 2-0: Ball 3-0: Called Strike 3-1: DOUBLE (Flyball, 78D) Rodney González to third
|
Batting: LHB Don Hull
|
0-0: Called Strike 0-1: Hit by Pitch
|
Batting: RHB Evan Robinson
|
0-0: Swinging Strike 0-1: Called Strike 0-2: Foul Ball, location: 2F 0-2: Ball 1-2: Strikes out swinging
|
Batting: LHB Ernesto López
|
0-0: Called Strike 0-1: Ball 1-1: Swinging Strike 1-2: Ball 2-2: Strikes out looking
|
Top of the 2nd over - 0 run(s), 1 hit(s), 0 error(s), 3 left on base; Mile High 0 - Houston 1 |
BOTTOM OF THE 2ND |
Houston Hammertime batting - Pitching for Mile High Broncos : RHP Tony Marrero
|
Batting: RHB David Hernández
|
0-0: Ball 1-0: Foul Ball, location: 2F 1-1: Ball 2-1: SINGLE (Groundball, 6MD)
|
Batting: RHB Santo Cruz
|
0-0: Called Strike 0-1: Grounds into double play, 5-4-3 (Groundball, 56)
|
Batting: RHB Alberto Chávez
|
0-0: Foul Ball, location: 2F 0-1: Fly out, F6 (Popup, 56D)
|
Bottom of the 2nd over - 0 run(s), 1 hit(s), 0 error(s), 0 left on base; Mile High 0 - Houston 1 |
TOP OF THE 3RD |
Mile High Broncos batting - Pitching for Houston Hammertime : RHP Kevin Bader
|
Batting: SHB Tom Stevens
|
0-0: Called Strike 0-1: Swinging Strike 0-2: Strikes out swinging
|
Batting: LHB Mark Everett
|
0-0: SINGLE (Groundball, 34D)
|
Batting: RHB Jeff Packard
|
0-0: DOUBLE (Line Drive, 89D) Mark Everett to third
|
Batting: RHB David Moran
|
0-0: Called Strike 0-1: Foul Ball, location: 2F 0-2: Ball 1-2: Ball 2-2: Ball 3-2: Foul Ball, location: 2F 3-2: Strikes out looking
|
Batting: RHB Rodney González
|
0-0: Called Strike 0-1: Ball 1-1: Called Strike 1-2: Foul Ball, location: 2F 1-2: Foul Ball, location: 2F 1-2: SINGLE (Line Drive, 9LS) Mark Everett scores Jeff Packard to third
|
Batting: LHB Milton Watson
|
0-0: Called Strike 0-1: Foul Ball, location: 2F 0-2: Ball 1-2: Ball 2-2: Strikes out swinging
|
Top of the 3rd over - 1 run(s), 3 hit(s), 0 error(s), 2 left on base; Mile High 1 - Houston 1 |
BOTTOM OF THE 3RD |
Houston Hammertime batting - Pitching for Mile High Broncos : RHP Tony Marrero
|
Batting: LHB Fernando Camacho
|
0-0: Ball 1-0: Foul Ball, location: 2F 1-1: Ball 2-1: Foul Ball, location: 2F 2-2: Ball 3-2: Fly out, F8 (Flyball, 8LS)
|
Batting: SHB Carlos Córdova
|
0-0: SINGLE (Groundball, 34S) (infield hit)
|
Batting: RHB Alonso Holguín
|
0-0: Called Strike 0-1: Ball Wild Pitch! Carlos Córdova to second 1-1: Swinging Strike 1-2: Strikes out swinging
|
Batting: LHB Tom Baker
|
0-0: Called Strike 0-1: Fly out, F8 (Flyball, 8LS)
|
Bottom of the 3rd over - 0 run(s), 1 hit(s), 0 error(s), 1 left on base; Mile High 1 - Houston 1 |
TOP OF THE 4TH |
Mile High Broncos batting - Pitching for Houston Hammertime : RHP Kevin Bader
|
Batting: LHB Don Hull
|
0-0: Ball 1-0: Foul Ball, location: 2F 1-1: Ball 2-1: Foul Ball, location: 2F 2-2: SINGLE (Line Drive, 7LS)
|
Batting: RHB Evan Robinson
|
0-0: Ball 1-0: Ground out 5-3 (Groundball, 56S) Don Hull to second
|
Batting: LHB Ernesto López
|
0-0: Ground out 6-3 (Groundball, 6M) Don Hull to third
|
Batting: SHB Tom Stevens
|
0-0: Ball 1-0: TRIPLE (Line Drive, 8RXD) Don Hull scores
|
Batting: LHB Mark Everett
|
0-0: Ball 1-0: SINGLE (Groundball, 56D) Tom Stevens scores
|
Batting: RHB Jeff Packard
|
0-0: Called Strike 0-1: Fly out, F2 (Popup, 15S)
|
Top of the 4th over - 2 run(s), 3 hit(s), 0 error(s), 1 left on base; Mile High 3 - Houston 1 |
BOTTOM OF THE 4TH |
Houston Hammertime batting - Pitching for Mile High Broncos : RHP Tony Marrero
|
Batting: LHB Leonardo Medina
|
0-0: Called Strike 0-1: Ball 1-1: Called Strike 1-2: Ball 2-2: Ball 3-2: Fly out, F7 (Flyball, 7LMF)
|
Batting: RHB Dan Mason
|
0-0: Ball 1-0: Called Strike 1-1: Ball 2-1: Fly out, F4 (Popup, 4S)
|
Batting: RHB David Hernández
|
0-0: Ball 1-0: Ball 2-0: SOLO HOME RUN (Flyball, 7LD), Distance : 358 ft
|
Batting: RHB Santo Cruz
|
0-0: Ball 1-0: Called Strike 1-1: Ball 2-1: Ground out 6-3 (Groundball, 56)
|
Bottom of the 4th over - 1 run(s), 1 hit(s), 0 error(s), 0 left on base; Mile High 3 - Houston 2 |
TOP OF THE 5TH |
Mile High Broncos batting - Pitching for Houston Hammertime : RHP Kevin Bader
|
Batting: RHB David Moran
|
0-0: Ball 1-0: SINGLE (Line Drive, 8LS)
|
Batting: RHB Rodney González
|
0-0: Ball 1-0: Ball 2-0: Foul Ball, location: 2F 2-1: Foul Ball, location: 2F 2-2: Ball 3-2: Strikes out swinging
|
Batting: LHB Milton Watson
|
0-0: Ball Wild Pitch! David Moran to second 1-0: Foul Ball, location: 2F 1-1: Swinging Strike 1-2: SINGLE (Groundball, 4MD) David Moran to third Runner from 3rd tries for Home, SAFE, throw made home
|
Batting: LHB Don Hull
|
0-0: Called Strike 0-1: Ball 1-1: Ball 2-1: Fly out, F7 (Flyball, 7S)
|
Batting: RHB Evan Robinson
|
0-0: SINGLE (Groundball, 2L) (infield hit) Milton Watson to second
|
Batting: LHB Ernesto López
|
0-0: Ball 1-0: Fly out, F8 (Flyball, 8RM)
|
Top of the 5th over - 1 run(s), 3 hit(s), 0 error(s), 2 left on base; Mile High 4 - Houston 2 |
BOTTOM OF THE 5TH |
Houston Hammertime batting - Pitching for Mile High Broncos : RHP Tony Marrero
|
Batting: RHB Alberto Chávez
|
0-0: Swinging Strike 0-1: Called Strike 0-2: Strikes out swinging
|
Batting: LHB Fernando Camacho
|
0-0: Ball 1-0: SOLO HOME RUN (Flyball, 89XD), Distance : 404 ft
|
Batting: SHB Carlos Córdova
|
0-0: Ball 1-0: Foul Ball, location: 2F 1-1: Foul Ball, location: 2F 1-2: Ground out 1-3 (Groundball, 13S)
|
Batting: RHB Alonso Holguín
|
0-0: Ground out 5-3 (Groundball, 56S)
|
Bottom of the 5th over - 1 run(s), 1 hit(s), 0 error(s), 0 left on base; Mile High 4 - Houston 3 |
TOP OF THE 6TH |
Mile High Broncos batting - Pitching for Houston Hammertime : RHP Kevin Bader
|
Pitching: RHP António Galindo
|
|
Batting: SHB Tom Stevens
|
0-0: Called Strike 0-1: SINGLE (Line Drive, 78M)
|
Batting: LHB Mark Everett
|
0-0: Ball 1-0: Called Strike 1-1: Fly out, F6 (Popup, 6D)
|
Batting: RHB Jeff Packard
|
0-0: Fly out, F9 (Flyball, 9LS)
|
Batting: RHB David Moran
|
0-0: Ball 1-0: Foul Ball, location: 2F 1-1: Ball Tom Stevens steals 2nd base 2-1: Ball 3-1: Foul Ball, location: 2F 3-2: Ground out 4-3 (Groundball, 4)
|
Top of the 6th over - 0 run(s), 1 hit(s), 0 error(s), 1 left on base; Mile High 4 - Houston 3 |
BOTTOM OF THE 6TH |
Houston Hammertime batting - Pitching for Mile High Broncos : RHP Tony Marrero
|
Batting: LHB Tom Baker
|
0-0: DOUBLE (Line Drive, 9LS)
|
Batting: LHB Leonardo Medina
|
0-0: Swinging Strike 0-1: Swinging Strike 0-2: Ball 1-2: Ball 2-2: SINGLE (Groundball, 4D) Tom Baker to third Runner from 3rd tries for Home, SAFE, throw made home Leonardo Medina to second
|
Batting: RHB Dan Mason
|
0-0: Ground out 5-3 (Groundball, 56)
|
Batting: RHB David Hernández
|
0-0: Ball 1-0: Swinging Strike 1-1: Ball 2-1: Swinging Strike 2-2: SINGLE (Line Drive, 56D) Leonardo Medina to third Runner from 3rd tries for Home, throw and OUT!
|
Batting: RHB Santo Cruz
|
0-0: Ball 1-0: Foul Ball, location: 2F 1-1: SINGLE (Groundball, 56S) (infield hit) David Hernández to second
|
Batting: RHB Alberto Chávez
|
0-0: Ball 1-0: Foul Ball, location: 2F 1-1: Fly out, F8 (Line Drive, 8LM)
|
Bottom of the 6th over - 1 run(s), 4 hit(s), 0 error(s), 2 left on base; Mile High 4 - Houston 4 |
TOP OF THE 7TH |
Mile High Broncos batting - Pitching for Houston Hammertime : RHP António Galindo
|
Pinch Hitting: LHB Tony Báez
|
0-0: Ball 1-0: Fly out, F9 (Line Drive, 9LM)
|
Batting: LHB Milton Watson
|
0-0: Called Strike 0-1: Ball 1-1: SINGLE (Groundball, 4D)
|
Pinch Hitting: RHB António Martínez
|
Balk! Milton Watson to second 0-0: Intentional Walk
|
Batting: RHB Evan Robinson
|
0-0: Ball 1-0: Called Strike 1-1: Called Strike 1-2: SINGLE (Groundball, 6MD) Milton Watson to third António Martínez to second Runner from 3rd tries for Home, SAFE, throw made home
|
Batting: LHB Ernesto López
|
0-0: Swinging Strike 0-1: Ball 1-1: Foul Ball, location: 2F 1-2: Fly out, F7 (Flyball, 7LS)
|
Batting: SHB Tom Stevens
|
0-0: Ball 1-0: SINGLE (Line Drive, 4D) António Martínez to third Evan Robinson to second
|
Batting: LHB Mark Everett
|
0-0: Foul Ball, location: 2F 0-1: Fielders Choice at 2nd, 6-4 (Groundball, 6)
|
Top of the 7th over - 1 run(s), 3 hit(s), 0 error(s), 2 left on base; Mile High 5 - Houston 4 |
BOTTOM OF THE 7TH |
Houston Hammertime batting - Pitching for Mile High Broncos : RHP Tony Marrero
|
Now at 2B: Keith Shaffer
|
|
Now in CF: Pedro Martínez
|
|
Batting: LHB Fernando Camacho
|
0-0: Ball 1-0: Foul Ball, location: 2F 1-1: Ball 2-1: Ball 3-1: Base on Balls
|
Pitching: LHP Jorge García
|
|
Batting: SHB Carlos Córdova
|
0-0: Bunted foul 0-1: Ball 1-1: Bunt missed! 1-2: Ball 2-2: Fly out, F9 (Flyball, 9S)
|
Batting: RHB Alonso Holguín
|
0-0: Ball 1-0: Foul Ball, location: 2F 1-1: Ball 2-1: Foul Ball, location: 2F 2-2: SINGLE (Line Drive, 6D) Fernando Camacho to second
|
Pinch Hitting: RHB Carlos Pérez
|
0-0: Ball 1-0: Fly out, F9 (Flyball, 9)
|
Batting: LHB Leonardo Medina
|
0-0: Swinging Strike 0-1: Ball 1-1: Foul Ball, location: 2F 1-2: Foul Ball, location: 2F 1-2: Ball 2-2: Ball 3-2: Ground out U3 (Groundball, 3L)
|
Bottom of the 7th over - 0 run(s), 1 hit(s), 0 error(s), 2 left on base; Mile High 5 - Houston 4 |
TOP OF THE 8TH |
Mile High Broncos batting - Pitching for Houston Hammertime : RHP António Galindo
|
Now in LF: Bartolo Villanueva
|
|
Batting: RHB Jeff Packard
|
0-0: Ball 1-0: Foul Ball, location: 2F 1-1: Ball 2-1: Ball 3-1: Foul Ball, location: 2F 3-2: Strikes out swinging
|
Batting: RHB David Moran
|
0-0: Ball 1-0: Called Strike 1-1: Ground out 4-3 (Groundball, 4)
|
Batting: SHB Keith Shaffer
|
0-0: Ball 1-0: Ball 2-0: Ball 3-0: Called Strike 3-1: Foul Ball, location: 2F 3-2: Strikes out swinging
|
Top of the 8th over - 0 run(s), 0 hit(s), 0 error(s), 0 left on base; Mile High 5 - Houston 4 |
BOTTOM OF THE 8TH |
Houston Hammertime batting - Pitching for Mile High Broncos : LHP Jorge García
|
Pitching: RHP Pedro Mendoza
|
|
Now at 3B: Enrique Bermúdez
|
|
Batting: RHB Dan Mason
|
0-0: Ball 1-0: Ball 2-0: Foul Ball, location: 2F 2-1: Swinging Strike 2-2: Ground out 5-3 (Groundball, 56)
|
Batting: RHB David Hernández
|
0-0: Ball 1-0: Ball 2-0: Ground out 6-3 (Groundball, 6)
|
Batting: RHB Santo Cruz
|
0-0: Called Strike 0-1: Ground out 6-3 (Groundball, 6M)
|
Bottom of the 8th over - 0 run(s), 0 hit(s), 0 error(s), 0 left on base; Mile High 5 - Houston 4 |
TOP OF THE 9TH |
Mile High Broncos batting - Pitching for Houston Hammertime : RHP António Galindo
|
Pitching: RHP Brandon Williams
|
|
Batting: LHB Milton Watson
|
0-0: Foul Ball, location: 2F 0-1: Fly out, F8 (Flyball, 89D)
|
Batting: SHB Pedro Martínez
|
0-0: Ball 1-0: Ball 2-0: Ground out 6-3 (Groundball, 6)
|
Batting: RHB Evan Robinson
|
0-0: SINGLE (Flyball, 7S)
|
Batting: LHB Ernesto López
|
0-0: Called Strike 0-1: Ball 1-1: Foul Ball, location: 2F 1-2: Ball 2-2: Ball 3-2: Strikes out looking
|
Top of the 9th over - 0 run(s), 1 hit(s), 0 error(s), 1 left on base; Mile High 5 - Houston 4 |
BOTTOM OF THE 9TH |
Houston Hammertime batting - Pitching for Mile High Broncos : RHP Pedro Mendoza
|
Pitching: RHP David Bailey
|
|
Pinch Hitting: LHB Juan Cabañas
|
0-0: Called Strike 0-1: Foul Ball, location: 2F 0-2: Strikes out looking
|
Pinch Hitting: LHB Pat Jones
|
0-0: Called Strike 0-1: Ball 1-1: Called Strike 1-2: SINGLE (Groundball, 4MD)
|
Batting: SHB Carlos Córdova
|
0-0: Ball 1-0: Ball 2-0: Called Strike 2-1: Ball 3-1: Base on Balls Pat Jones to second
|
Batting: RHB Alonso Holguín
|
0-0: Called Strike 0-1: Ball 1-1: Foul Ball, location: 2F 1-2: Foul Ball, location: 2F 1-2: SINGLE (Groundball, 34D) Pat Jones to third Carlos Córdova to second Runner from 3rd tries for Home, SAFE, throw made home
|
Batting: LHB Bartolo Villanueva
|
0-0: Called Strike 0-1: Fly out, F8 (Flyball, 8LM)
|
Batting: LHB Leonardo Medina
|
0-0: Called Strike 0-1: Foul Ball, location: 2F 0-2: Ball 1-2: SINGLE (Groundball, 25) (infield hit) Carlos Córdova to third Alonso Holguín to second
|
Batting: RHB Dan Mason
|
0-0: Ball 1-0: Foul Ball, location: 2F 1-1: Called Strike 1-2: Fly out, F7 (Flyball, 78S)
|
Bottom of the 9th over - 1 run(s), 3 hit(s), 0 error(s), 3 left on base; Mile High 5 - Houston 5 |
TOP OF THE 10TH |
Mile High Broncos batting - Pitching for Houston Hammertime : RHP Brandon Williams
|
Now at C: Ánibal Pérez
|
|
Now at 1B: Pat Jones
|
|
Batting: SHB Tom Stevens
|
0-0: Ball 1-0: Ball 2-0: Foul Ball, location: 2F 2-1: Ball 3-1: Base on Balls
|
Batting: LHB Mark Everett
|
0-0: Ball 1-0: Ball 2-0: Foul Ball, location: 2F 2-1: Foul Ball, location: 2F 2-2: Ground out 4-3 (Groundball, 34) Tom Stevens to second
|
Batting: RHB Jeff Packard
|
0-0: Intentional Walk
|
Pinch Hitting: RHB Su-kweon Yu
|
0-0: Called Strike 0-1: Ball 1-1: Called Strike 1-2: Strikes out swinging
|
Pinch Hitting: LHB Jesús González
|
0-0: Swinging Strike 0-1: Foul Ball, location: 2F 0-2: Ball 1-2: Foul Ball, location: 2F 1-2: Foul Ball, location: 2F 1-2: Foul Ball, location: 2F 1-2: Ball 2-2: Fly out, F5 (Popup, 5S)
|
Top of the 10th over - 0 run(s), 0 hit(s), 0 error(s), 2 left on base; Mile High 5 - Houston 5 |
BOTTOM OF THE 10TH |
Houston Hammertime batting - Pitching for Mile High Broncos : RHP David Bailey
|
Now at 2B: Paco Martínez
|
|
Now at 3B: Juan Medina
|
|
Batting: RHB David Hernández
|
0-0: Ball 1-0: Foul Ball, location: 2F 1-1: SINGLE (Groundball, 34D)
|
Batting: RHB Santo Cruz
|
0-0: Sac Bunt - play at second, runner OUT! 5-6
|
Batting: RHB Ánibal Pérez
|
0-0: Ball 1-0: Called Strike 1-1: Ball 2-1: Grounds into double play, 5-4-3 (Groundball, 56)
|
Bottom of the 10th over - 0 run(s), 1 hit(s), 0 error(s), 0 left on base; Mile High 5 - Houston 5 |
TOP OF THE 11TH |
Mile High Broncos batting - Pitching for Houston Hammertime : RHP Brandon Williams
|
Pitching: LHP Martin White
|
|
Batting: LHB Milton Watson
|
0-0: Ball 1-0: Ball 2-0: Ball 3-0: Called Strike 3-1: Called Strike 3-2: Foul Ball, location: 2F 3-2: Strikes out swinging
|
Batting: SHB Pedro Martínez
|
0-0: Called Strike 0-1: Swinging Strike 0-2: Ball 1-2: Strikes out swinging
|
Batting: RHB Evan Robinson
|
0-0: Called Strike 0-1: Ball 1-1: Foul Ball, location: 2F 1-2: Ball 2-2: Foul Ball, location: 2F 2-2: Ground out 5-3 (Groundball, 56)
|
Top of the 11th over - 0 run(s), 0 hit(s), 0 error(s), 0 left on base; Mile High 5 - Houston 5 |
BOTTOM OF THE 11TH |
Houston Hammertime batting - Pitching for Mile High Broncos : RHP David Bailey
|
Pitching: LHP Jerry Martin
|
|
Batting: LHB Pat Jones
|
0-0: Ball 1-0: Called Strike 1-1: SINGLE (Flyball, 89S)
|
Batting: SHB Carlos Córdova
|
0-0: Ball 1-0: Bunted foul 1-1: Sac Bunt - play at second, runner OUT! 5-6
|
Batting: RHB Alonso Holguín
|
0-0: Ball 1-0: Ball 2-0: Foul Ball, location: 2F 2-1: Ball 3-1: Foul Ball, location: 2F 3-2: Fly out, F7 (Flyball, 7LM)
|
Batting: LHB Bartolo Villanueva
|
0-0: Foul Ball, location: 2F 0-1: Called Strike 0-2: Ball 1-2: Foul Ball, location: 2F 1-2: Foul Ball, location: 2F 1-2: Foul Ball, location: 2F 1-2: Ball 2-2: Fly out, F9 (Flyball, 9)
|
Bottom of the 11th over - 0 run(s), 1 hit(s), 0 error(s), 1 left on base; Mile High 5 - Houston 5 |
TOP OF THE 12TH |
Mile High Broncos batting - Pitching for Houston Hammertime : LHP Martin White
|
Batting: LHB Ernesto López
|
0-0: Ball 1-0: Ball 2-0: Foul Ball, location: 2F 2-1: Foul Ball, location: 2F 2-2: Foul Ball, location: 2F 2-2: Foul Ball, location: 2F 2-2: Foul Ball, location: 2F 2-2: Ball 3-2: Strikes out swinging
|
Batting: SHB Tom Stevens
|
0-0: Swinging Strike 0-1: Swinging Strike 0-2: Strikes out looking
|
Batting: LHB Mark Everett
|
0-0: Foul Ball, location: 2F 0-1: Ball 1-1: Fly out, F6 (Popup, 6D)
|
Top of the 12th over - 0 run(s), 0 hit(s), 0 error(s), 0 left on base; Mile High 5 - Houston 5 |
BOTTOM OF THE 12TH |
Houston Hammertime batting - Pitching for Mile High Broncos : LHP Jerry Martin
|
Batting: LHB Leonardo Medina
|
0-0: Called Strike 0-1: Called Strike 0-2: Ball 1-2: Ball 2-2: Ball 3-2: Foul Ball, location: 2F 3-2: Fly out, F8 (Line Drive, 8RD)
|
Batting: RHB Dan Mason
|
0-0: Ball 1-0: Ball 2-0: Ball 3-0: Called Strike 3-1: Base on Balls
|
Batting: RHB David Hernández
|
0-0: Ball Dan Mason steals 2nd base 1-0: Ball 2-0: Ball 3-0: Base on Balls
|
Batting: RHB Santo Cruz
|
0-0: Ball 1-0: Ball 2-0: Reached on error, E4 (Line Drive, 4) Dan Mason to third David Hernández to second
|
Batting: RHB Ánibal Pérez
|
0-0: Called Strike 0-1: SINGLE (Groundball, 6MD) Dan Mason scores
|
Thursday, March 30th, 2017 - OOTP Baseball 17.12 Build 75
|
|